 Dungeon Crawl Stone Soup version bcrawl-1.21.3 (webtiles) character file.

Game seed: 8827326713345069459

8 MisterOstroum the Insei (level 2, 17/22 HPs)
             Began as a Demonspawn Transmuter on Mar 25, 2020.
             Quit the game on level 1 of the Dungeon.
             The game lasted 00:00:33 (414 turns).

MisterOstroum the Insei (Demonspawn Transmuter)      Turns: 414, Time: 00:00:34

Health: 17/22      AC:  2    Str: 10    XL:     2   Next: 0%
Magic:  5/5        EV: 12    Int: 14    God:
Gold:   53         SH:  0    Dex: 13    Spells: 4/5 levels left

rFire    . . .     SeeInvis .     - Unarmed
rCold    . . .     Gourm    .   (no shield)
rNeg     . . .     Faith    .   b - +0 robe
rPois    .         Spirit   .   (no helmet)
rElec    .         Reflect  .   (no cloak)
rCorr    .         Harm     .   (no gloves)
MR       .....                  (no boots)
Stlth    +.........             (no amulet)
HPRegen  0.07/turn              (no ring)
MPRegen  0.09/turn              (no ring)

@: no status effects
A: talons 1
a: no special abilities


You were on level 1 of the Dungeon.
You were not hungry.

You visited 1 branch of the dungeon, and saw 1 of its levels.

You collected 53 gold pieces.

Inventory:

Missiles
 a - 120 arrows
 g - 288 sling bullets
Armour
 b - a +0 robe (worn)
Scrolls
 c - 2 scrolls of fog {unknown}
 h - a scroll of magic mapping {unknown}
Potions
 d - a potion of lignification {@q6}
 f - a potion of haste {unknown}
Comestibles
 e - 2 rations {!d}


   Skills:
 - Level 2.0 Fighting
 - Level 1.7 Dodging
 + Level 2.7 Unarmed Combat
 - Level 2.0 Spellcasting
 - Level 1.7 Transmutations


You had 4 spell levels left.
You knew the following spells:

 Your Spells              Type           Power        Failure   Level  Hunger
a - Beastly Appendage     Tmut           #.....       12%         1    ##.....

Your spell library contained the following spells:

 Spells                   Type           Power        Failure   Level  Hunger
 Sticks to Snakes         Tmut           #.......     17%         2    ###....
 Spider Form              Tmut/Pois      #..          45%         3    ####...
 Ice Form                 Ice/Tmut       #.......     86%         4    #####..
 Blade Hands              Tmut           #.........   97%         5    ######.


Dungeon Overview and Level Annotations

Branches:
Dungeon (1/12)

Altars:


Innate Abilities, Weirdness & Mutations

You have sharp toenails.


Message History

No target in view!
No target in view!
No target in view!
No target in view!
No target in view!
No target in view!
No target in view!
No target in view!
Your horns disappear.
You butcher the bat corpse.
f - a chunk of flesh You see here a bat skeleton. x2
You now have 26 gold pieces (gained 7).
Found a runed dagger.
g - 288 sling bullets You now have 39 gold pieces (gained 13).
Found a stone staircase leading down.
Found an embroidered robe.
No target in view!
h - a scroll labeled QEAPLA TUJITO
Found a stone staircase leading down.
A kobold comes into view. It is wielding a +0 club.
Found a coppery potion.
Casting: Beastly Appendage (safe; 12% risk of failure)
Confirm with . or Enter, or press ? or * to list all spells.
You grow a pair of large bovine horns.
Unknown command.
The kobold throws a stone.
The stone hits you.
Found 14 gold pieces.
You closely miss the kobold. You headbutt the kobold.
You kill the kobold!
Training target 2.0 for Fighting reached!
Your Fighting skill increases to level 2!
You need to enable at least one skill for training.
All of the chunks of flesh in your inventory have rotted away.
Your transformation is almost over.
Your horns disappear.
f - a coppery potion You now have 53 gold pieces (gained 14).
A bat comes into view.
A bat is nearby!
A bat is nearby!
The bat hits you but does no damage.
Casting: Beastly Appendage (safe; 12% risk of failure)
Confirm with . or Enter, or press ? or * to list all spells.
You grow a pair of large bovine horns.
The bat hits you but does no damage.
Unknown command.
You closely miss the bat.
Your transformation is almost over.
The bat hits you. The bat closely misses you.
The bat hits you but does no damage. The bat hits you but does no damage.
You hit the bat but do no damage. Your headbutt misses the bat.
The bat completely misses you. The bat hits you.
A giant cockroach comes into view.
The bat barely misses you. The bat barely misses you.
The bat barely misses you. The bat hits you but does no damage.
You miss the bat. The bat barely misses you.
You miss the bat.
Your horns disappear.
The bat hits you but does no damage.
You hit the bat but do no damage. The bat hits you but does no damage.
The giant cockroach barely misses you.
You closely miss the bat. The bat hits you but does no damage.
The bat closely misses you. The giant cockroach closely misses you.
You closely miss the bat. The bat hits you.
The giant cockroach closely misses you.
You hit the giant cockroach.
The giant cockroach is moderately wounded.
The bat hits you but does no damage. The giant cockroach closely misses you.
You barely miss the giant cockroach.
The giant cockroach is moderately wounded.
The giant cockroach closely misses you. The bat hits you but does no damage.
You completely miss the giant cockroach.
The giant cockroach is moderately wounded.
The bat hits you but does no damage.
The giant cockroach bites you but does no damage.
You hit the giant cockroach but do no damage.
The giant cockroach is moderately wounded.
The bat barely misses you.
The giant cockroach bites you but does no damage.
You hit the giant cockroach but do no damage.
The bat barely misses you. The giant cockroach misses you.
The giant cockroach barely misses you.
You hit the giant cockroach.
The giant cockroach is severely wounded.
The bat misses you. The giant cockroach misses you.
You barely miss the giant cockroach.
The giant cockroach is severely wounded.
The bat hits you. The giant cockroach barely misses you.
You hit the giant cockroach.
You kill the giant cockroach!
You have reached level 2!
Your demonic ancestry asserts itself...
Your toenails lengthen and sharpen.
The bat hits you.
Are you sure you want to abandon this character and quit the game? (Confirm with "yes".)

#.## ###### #..........
#... ..... ... .... .. ...
#. #.# .#.#.#.##.#
########## ......†@..#
#......... .#.#.#b##.#
#.........
.#.#.##.#####......... ..
...............>......
#.###.#.#.#.....##.........
.... #...#.....##...).....
##..######.....##.........
#........)....###.........
.#.....#....# ##.#######


You could see a bat.

Vanquished Creatures
  2 giant cockroaches (D:1)
  3 bats (D:1)
  A frilled lizard (D:1)
  2 kobolds (D:1)
8 creatures vanquished.

Notes
Turn   | Place    | Note
-------+----------+-------------------------------------------
     0 | D:1      | MisterOstroum the Demonspawn Transmuter began the quest for
                  | the Orb.
     0 | D:1      | Reached XP level 1. HP: 15/15 MP: 3/3
   413 | D:1      | Gained mutation: You have sharp toenails. [demonic
                  | ancestry]
   413 | D:1      | Reached XP level 2. HP: 18/22 MP: 5/5
   414 | D:1      | Quit the game

Skill      XL: |  1 |
---------------+----+-----
Fighting       | 2 |  2.0
Dodging        | |  1.7
Unarmed Combat | |  2.7
Spellcasting   | |  2.0
Transmutations | |  1.7

Action                   || total
-------------------------++-------
Melee: Unarmed           ||    36
       Headbutt          ||     3
 Cast: Beastly Appendage ||     6
Armor: Robe              ||    24
Dodge: Dodged            ||    47
